 Dungeon Crawl Stone Soup version 0.18-a0-30-g52c0daa (webtiles) character file.

116 Ace the Stinger (level 4, -6/24 HPs)
             Began as a Deep Elf Venom Mage on Nov 5, 2015.
             Was a Follower of Cheibriados.
             Killed from afar by a white imp (8 damage)
             ... with a puff of frost
             ... summoned by Natasha
             ... on level 2 of the Dungeon.
             The game lasted 00:07:33 (2473 turns).

Ace the Stinger (Deep Elf Venom Mage)               Turns: 2473, Time: 00:07:33

Health: -6/24      AC:  5    Str: 11    XL:     4   Next: 69%
Magic:  11/12      EV: 14    Int: 22    God:    Cheibriados [*.....]
Gold:   196        SH:  0    Dex: 17    Spells: 3 memorised, 6 levels left

rFire  . . .     SeeInvis .     (no weapon)
rCold  . . .     Clarity  .     a - +0 robe
rNeg   . . .     SustAt   .     (no shield)
rPois  .         Gourm    .     (no helmet)
rElec  .         Spirit   .     h - +2 cloak
rCorr  .         Warding  .     (no gloves)
rMut   .         Stasis   .     (no boots)
MR     .....                    (no amulet)
Stlth  ++........               j - +1 ring of evasion
                                e - +3 ring of strength

@: very slow, not resistant to hostile enchantments, unstealthy
A: no striking features
a: Bend Time, Renounce Religion


You were on level 2 of the Dungeon.
You worshipped Cheibriados.
Cheibriados was aware of your devotion.
You were not hungry.

You visited 1 branch of the dungeon, and saw 2 of its levels.

You collected 196 gold pieces.

Inventory:

Armour
 a - a +0 robe (worn)
 h - a +2 cloak (worn)
Jewellery
 e - a +3 ring of strength (left hand)
 j - a +1 ring of evasion (right hand)
Scrolls
 f - 3 scrolls of identify {unknown}
 i - a scroll of teleportation {unknown}
 l - a scroll of remove curse {unknown}
Potions
 d - 2 potions of cure mutation {unknown}
 m - a potion of resistance {unknown}
Books
 b - a Young Poisoner's Handbook

   Spells                             Type                      Level
   a - Sting                          Conjuration/Poison           1
   b - Cure Poison                    Poison                       2
   c - Mephitic Cloud                 Conjuration/Poison/Air       3
   d - Olgreb's Toxic Radiance        Poison                       4
   e - Venom Bolt                     Conjuration/Poison           5
Comestibles
 c - 2 bread rations
 g - a meat ration
 k - 2 fruits


   Skills:
 - Level 2.4 Dodging
 - Level 2.4 Stealth
 + Level 4.6 Spellcasting
 + Level 2.4 Conjurations
 + Level 5.3 Poison Magic


You had 6 spell levels left.
You knew the following spells:

 Your Spells              Type           Power        Failure   Level  Hunger
a - Sting                 Conj/Pois      ###.         1%          1    None
b - Cure Poison           Pois           ####......   1%          2    None
c - Mephitic Cloud        Conj/Pois/Air  ###.....     12%         3    ##.....


Dungeon Overview and Level Annotations

Branches:
Dungeon (2/15)

Altars:
Cheibriados
Fedhas
Kikubaaqudgha
Ru

Annotations:
D:2 Natasha


Message History

That beam is likely to hit you.
Continue anyway?
Okay, then.
Casting: Mephitic Cloud
Confirm with . or Enter, or press ? or * to list all spells.
Aiming: Mephitic Cloud
Press: ? - help, Shift-Dir - straight line, f - crimson imp
Aim: a crimson imp (summoned) That beam is likely to hit you.
Continue anyway?
Okay, then.
Casting: Mephitic Cloud
Confirm with . or Enter, or press ? or * to list all spells.
Aiming: Mephitic Cloud
Press: ? - help, Shift-Dir - straight line, p - crimson imp That beam is likely to hit you.
Continue anyway?
Okay, then.
Unknown command.
The white imp sputters.
The white imp gestures at you. The puff of frost hits you!
You die...

..###.. #### #...#...##.#
.)..#.# #PPP##.......##.#
....#.# #P_.....###.....##
....#.# #P......P.####...#
....#.######P......PP##.##
#.###......###...P._.##.#
#.....>....# #..##..P##.#
######.....# #...######.#
........(#.# #.#@# #.#
#######..#.# #.#5# ####.#
...# #..#.###.#h# #....#
##.# #..#.#...#5# #.####
#.####..#.#...#.###.#
##....#..#.....#...§.#
.#.##.#..##...>####..#
......#.)##....#h.§÷.#
.######..#.....#5##.##


You could see Natasha, a crimson imp and a white imp.

Vanquished Creatures
  Natasha (twice) (D:2)
  3 adders (D:2)
  3 worms (D:2)
  A giant gecko (D:1)
  A ball python (D:2)
  A giant cockroach (D:2)
  8 goblins
  9 hobgoblins
  4 jackals (D:1)
  4 kobolds
  3 bats
  3 giant newts
  5 rats
47 creatures vanquished.

Notes
Turn   | Place    | Note
--------------------------------------------------------------
     0 | D:1      | Ace the Deep Elf Venom Mage began the quest for the Orb.
     0 | D:1      | Reached XP level 1. HP: 10/10 MP: 6/6
   315 | D:1      | Reached skill level 1 in Conjurations
   434 | D:1      | Reached XP level 2. HP: 15/15 MP: 6/8
   849 | D:1      | Learned a level 2 spell: Cure Poison
  1217 | D:2      | Found a sacrificial altar of Ru.
  1260 | D:2      | Reached XP level 3. HP: 19/19 MP: 8/10
  1455 | D:2      | Learned a level 3 spell: Mephitic Cloud
  1482 | D:2      | Noticed Natasha
  1510 | D:2      | Killed Natasha
  1510 | D:2      | Reached skill level 5 in Poison Magic
  1528 | D:2      | Reached XP level 4. HP: 11/24 MP: 2/12
  2130 | D:2      | Noticed Natasha
  2136 | D:2      | Killed Natasha
  2380 | D:2      | Found a blossoming altar of Fedhas.
  2381 | D:2      | Found an ancient bone altar of Kikubaaqudgha.
  2401 | D:2      | Found a faded altar to an unknown god.
  2418 | D:2      | Became a worshipper of Cheibriados the Contemplative
  2418 | D:2      | Reached * piety under Cheibriados
  2458 | D:2      | Noticed Natasha
  2467 | D:2      | HP: 1/24 [white imp/puff of frost[Natasha] (11)]
  2473 | D:2      | Killed from afar by a white imp

Vault maps used:
D:1:      evilmike_arrival_hilbert_curve, minmay_misc_feat_room,
          minmay_misc_feat_x, dk_noncrumbling_2
D:2:      grunt_temple_overflow_growth_and_decay, lemuel_crystal_altar,
          ecumenical_altar_2, uniq_natasha

Action                   |  1- 3 |  4- 6 || total
-------------------------+-------+-------++-------
Melee: Unarmed           |     2 |     1 ||     3
 Cast: Sting             |    60 |    41 ||   101
       Mephitic Cloud    |     2 |     2 ||     4
  Eat: Chunk             |     1 |     4 ||     5
